 Dungeon Crawl Stone Soup version 0.20.1-1-g8b1a95d (webtiles) character file.

53 Zhenya24pyc the Chopper (level 3, -1/31 HPs)
             Began as a Minotaur Berserker on Oct 2, 2017.
             Was a Believer of Trog.
             Slain by Crazy Yiuf
             ... wielding a +3 quarterstaff of chaos
              (12 damage)
             ... on level 2 of the Dungeon.
             The game lasted 00:01:26 (1095 turns).

Zhenya24pyc the Chopper (Minotaur Berserker)        Turns: 1095, Time: 00:01:27

Health: -1/31      AC:  2    Str: 22    XL:     3   Next: 62%
Magic:  2/2        EV: 12    Int:  4    God:    Trog [**....]
Gold:   29         SH:  0    Dex:  9    Spells: 2/2 levels left

rFire    . . .     SeeInvis .   a - +0 hand axe
rCold    . . .     Gourm    +   (no shield)
rNeg     . . .     Faith    .   b - +0 animal skin
rPois    .         Spirit   .   (helmet restricted)
rElec    .         Reflect  .   (no cloak)
rCorr    .         Harm     .   (no gloves)
MR       .....     Rnd*Tele +   (no boots)
Stlth    +.........             o - amulet of the gourmand
Regen    0.1/turn               f - ring of teleportation (curse)
MPRegen  0.1/turn               (no ring)

@: lethally poisoned (-1 -> -16)
A: retaliatory headbutt, horns 2
a: Berserk, Trog's Hand, Burn Spellbooks, Renounce Religion


You were on level 2 of the Dungeon.
You worshipped Trog.
Trog was pleased with you.
You were hungry.

You visited 1 branch of the dungeon, and saw 2 of its levels.

You collected 29 gold pieces.

Inventory:

Hand Weapons
 a - a +0 hand axe (weapon)
Armour
 b - a +0 animal skin (worn)
Jewellery
 f - a cursed ring of teleportation (left hand)
 o - an amulet of the gourmand (around neck)
Scrolls
 e - a scroll of magic mapping {unknown}
 h - a scroll of remove curse {unknown}
 i - 2 scrolls of recharging {unknown}
 l - a scroll of teleportation {unknown}
 m - a scroll of immolation {unknown}
 p - a scroll of enchant armour {unknown}
Potions
 d - a potion of curing {unknown}
 j - a potion of magic {unknown}
 k - a potion of berserk rage {unknown}
 n - a potion of agility {unknown}
Books
 q - a book of Misfortune

   Spells                             Type                      Level
   a - Confusing Touch                Hexes                        1
   b - Confuse                        Hexes                        3
   c - Gell's Gravitas                Translocation                3
   d - Petrify                        Transmutation/Earth          4
   e - Metabolic Englaciation         Hexes/Ice                    5
   f - Yara's Violent Unravelling     Hexes/Transmutation          5
   Trog disapproves of the use of such an item.
Comestibles
 c - 3 bread rations
 g - a meat ration


   Skills:
 - Level 3.6 Fighting
 + Level 5.6 Axes
 - Level 2.4 Armour
 - Level 2.1 Dodging


You had 2 spell levels left.
You didn't know any spells.

Dungeon Overview and Level Annotations

Branches:
Dungeon (2/15)

Altars:

Annotations:
D:2 Crazy Yiuf


Innate Abilities, Weirdness & Mutations

You reflexively headbutt those who attack you in melee.
You have a pair of horns on your head.


Message History

No target in view!
No target in view!
No target in view!
Partly explored, obstructed by runed door.
Partly explored, obstructed by runed door.
No target in view!
You open the door.
Crazy Yiuf the Enlightened comes into view.
He is wielding a quarterstaff of chaos.
Found a mace.
Crazy Yiuf shouts!
There is an open door here.
Crazy Yiuf hits you with a quarterstaff of chaos.
You closely miss Crazy Yiuf.
Crazy Yiuf hits you with a quarterstaff of chaos!
You are lethally poisoned!
You hit Crazy Yiuf.
Crazy Yiuf is lightly wounded.
You feel sick.
Crazy Yiuf hits you with a quarterstaff of chaos!
You die...

#.####............#...........
#.# #######..................
#.# #.....##.<......#.. #.#
########........##. #.#
#........### #.########
#........# #.#.#..#.########
#........# #.......#..##...#
########## #......####.'@g.#
##..#.## ###..)# ###### #####


You could see Crazy Yiuf.

Vanquished Creatures
  An adder (D:2)
  A worm (D:2)
  A dart slug (D:2)
  2 bats
  A bat zombie (D:1)
  4 giant cockroaches
  4 goblins
  6 hobgoblins
  3 jackals (D:2)
  4 kobolds
  A ball python (D:1)
  A frilled lizard (D:2)
  A giant cockroach zombie (D:1)
  7 rats
37 creatures vanquished.

Notes
Turn   | Place    | Note
-------+----------+-------------------------------------------
     0 | D:1      | Zhenya24pyc the Minotaur Berserker began the quest for the Orb.
     0 | D:1      | Reached XP level 1. HP: 19/19 MP: 0/0
    62 | D:1      | Reached skill level 4 in Axes
   165 | D:1      | Reached XP level 2. HP: 19/26 MP: 1/1
   684 | D:2      | Reached ** piety under Trog
   690 | D:2      | Reached skill level 5 in Axes
   720 | D:2      | Reached XP level 3. HP: 27/31 MP: 2/2
   887 | D:2      | Found a runed door.
  1091 | D:2      | Noticed Crazy Yiuf
  1095 | D:2      | Slain by Crazy Yiuf

Skill      XL: |  1  2 |
---------------+-------+-----
Axes           | 4 5 |  5.6
Fighting       | |  3.6
Armour         | |  2.4
Dodging        | |  2.1

Action                   || total
-------------------------++-------
Melee: Hand axe          ||    68
       Headbutt          ||    12
Armor: Animal skin       ||     7
Dodge: Dodged            ||    45
